 Dungeon Crawl Stone Soup version 0.26.1-2-gb8aa6d0cf2 (webtiles) character file.

Game seed: 17815664271871758927

19718 Exporg the Stickfighter (level 12, -2/111 HPs)
             Began as a Minotaur Chaos Knight on Mar 18, 2021.
             Was a Plaything of Xom.
             Slain by a red ugly thing (20 damage)
             ... on level 12 of the Dungeon on Mar 23, 2021.
             The game lasted 00:27:03 (13681 turns).

Exporg the Stickfighter (Minotaur Chaos Knight)    Turns: 13681, Time: 00:27:05

Health: -2/111     AC: 26    Str: 22    XL:     12   Next: 39%
Magic:  11/11      EV:  7    Int:  9    God:    Xom [...*..]
Gold:   685        SH:  0    Dex: 10    Spells: 11/11 levels left

rFire    . . .     SeeInvis .   n - +4 quarterstaff (chaos)
rCold    . . .     Faith    .   (shield currently unavailable)
rNeg     + . .     Spirit   .   J - +0 crystal plate armour
rPois    +         Reflect  .   (helmet unavailable)
rElec    .         Harm     .   o - +1 cloak {rCorr}
rCorr    +         Rampage  +   M - +0 pair of gloves
Will     .....                  k - +0 pair of boots {rampage}
Stlth    ..........             (no amulet)
HPRegen  0.28/turn              u - ring of poison resistance
MPRegen  0.12/turn              y - ring of positive energy

@: studying Invocations
A: retaliatory headbutt, horns 3, clumsy 1, sense surroundings 1, screaming 1,
strong 1, sturdy frame 1
a: Renounce Religion


You were on level 12 of the Dungeon.
You worshipped Xom.
You were a favourite toy of Xom.
You visited 1 branch of the dungeon, and saw 13 of its levels.

You collected 739 gold pieces.
You spent 54 gold pieces at shops.

Inventory:

Hand Weapons
 a - a +0 hand axe of chaos
 n - a +4 quarterstaff of chaos (weapon)
Missiles
 R - 31 bolts
Armour
 b - a +2 leather armour
 k - a +0 pair of boots of rampaging (worn)
 o - a +1 cloak of preservation (worn)
 J - a +0 crystal plate armour (worn)
 M - a +0 pair of gloves (worn)
 Y - a +1 tower shield of protection
Jewellery
 u - a ring of poison resistance (left hand)
 y - a ring of positive energy (right hand)
 A - an uncursed ring of positive energy
 B - an uncursed ring of protection from cold
 Z - an uncursed ring of magical power
Wands
 x - a wand of random effects (9)
 F - a wand of digging (14)
 I - a wand of iceblast (15)
 N - a wand of enslavement (9)
 S - a wand of flame (16)
 W - a wand of paralysis (7)
 X - a wand of acid (8)
Scrolls
 c - 2 scrolls of enchant armour {unknown}
 d - 2 scrolls of fog {unknown}
 h - 4 scrolls of fear {unknown}
 j - 7 scrolls of remove curse
 q - 2 scrolls of amnesia {unknown}
 r - 2 scrolls of identify
 s - 3 scrolls of noise {unknown}
 v - 3 scrolls of immolation {unknown}
 D - 2 scrolls of enchant weapon {unknown}
 H - 6 scrolls of teleportation
 L - a scroll of magic mapping {unknown}
 P - a scroll of random uselessness {unknown}
 T - a scroll of silence {unknown}
 U - a scroll of torment {unknown}
 V - 2 scrolls of blinking {unknown}
Potions
 e - a potion of flight {unknown}
 f - 2 potions of resistance {unknown}
 g - 11 potions of curing
 l - 2 potions of heal wounds
 m - 3 potions of brilliance
 p - a potion of degeneration {unknown}
 t - a potion of might {unknown}
 w - a potion of berserk rage {unknown}
 z - 3 potions of attraction
 C - 3 potions of invisibility
 G - a potion of lignification {unknown}
 K - a potion of magic {unknown}
 O - a potion of ambrosia {unknown}
 Q - 2 potions of cancellation
Books
 i - a manual of Invocations


   Skills:
 + Level 11.6 Fighting
 + Level 5.6 Axes
 + Level 15.1 Staves
 + Level 10.7 Armour
 + Level 4.7 Dodging
 + Level 5.8 Stealth
 + Level 2.7 Evocations


You had 11 spell levels left.
You didn't know any spells.
Your spell library contained the following spells:

 Spells                   Type           Power        Failure   Level
 Animate Skeleton         Necr           0%           100%        1
 Corona                   Hex            0%           100%        1
 Pain                     Necr           0%           100%        1
 Sandblast                Erth           0%           100%        1
 Ensorcelled Hibernation  Hex/Ice        0%           100%        2
 Passwall                 Tmut/Erth      0%           100%        2
 Confusing Touch          Hex            0%           100%        3
 Dazzling Flash           Conj/Hex       0%           100%        3
 Gell's Gravitas          Tloc           0%           100%        3
 Stone Arrow              Conj/Erth      0%           100%        3
 Tukima's Dance           Hex            0%           100%        3
 Vampiric Draining        Necr           0%           100%        3
 Animate Dead             Necr           0%           100%        4
 Petrify                  Tmut/Erth      0%           100%        4
 Agony                    Necr           0%           100%        5
 Bolt of Magma            Conj/Fire/Erth 0%           100%        5
 Iskenderun's Battlesphe  Conj           0%           100%        5
 Lee's Rapid Deconstruct  Erth           0%           100%        5
 Metabolic Englaciation   Hex/Ice        0%           100%        5
 Yara's Violent Unravell  Hex/Tmut       0%           100%        5
 Iron Shot                Conj/Erth      0%           100%        6
 Orb of Destruction       Conj           0%           100%        7
 Spellforged Servitor     Conj/Summ      0%           100%        7


Dungeon Overview and Level Annotations

Branches:
Dungeon (13/15)            Temple (0/1) D:6            Lair (0/6) D:8
    Orc (0/2) D:12
 Vaults: D:13-14

Altars:
Cheibriados
Dithmenos
Elyvilon
Fedhas
Kikubaaqudgha
Nemelex Xobeh
Qazlal
Uskayaw
Vehumet
Wu Jian
Lugonu

Shops:
D:4 =   D:7 *

Annotations:
D:3 3 runed translucent doors, Elsvaer's ghost, amateur DECj
D:5 exclusion: statue


Innate Abilities, Weirdness & Mutations

You reflexively headbutt those who attack you in melee.
You have a pair of large horns on your head.
You are clumsy. (Dex -2)
You passively map a small area around you.
You occasionally shout uncontrollably at your foes.
Your muscles are strong. (Str +2)
Your movements are slightly less encumbered by armour. (ER -2)


Message History

The red ugly thing stings you but does no damage.
The red ugly thing stings you but does no damage.
The shining eye pulsates ominously.
The red ugly thing stings you but does no damage.
There is an escape hatch in the ceiling here. "See what I see, my child!"
You detect creatures!
The red ugly thing stings you but does no damage.
A mysterious force pulls you upwards. The hatch slams shut behind you.
You closely miss the red ugly thing.
Your headbutt misses the red ugly thing.
The red ugly thing stings you.
You are engulfed in flames!
* * * LOW HITPOINT WARNING * * *
You hit the red ugly thing. You burn the red ugly thing.
The red ugly thing is lightly wounded.
The red ugly thing stings you.
* * * LOW HITPOINT WARNING * * *
You are engulfed in flames!!
You die...
Xom roars with laughter!

# #....># ##.#.#
####....#####÷#.#
##..............###
..†......####.....#####
.#.......# #####.....##
.##.....## ###.##...#
........# ##........#
.##.....######..#.#....#
###.....(......u@.##...#
#.##.########..#.##..#
#.#### #.##..#..# #.#
#..#.##..# #.#
#........# #.#
########## ###.# ....#
#####


You could see a red ugly thing.

Vanquished Creatures
  A boulder beetle (D:12)
  Harold (D:8)
  2 two-headed ogres
  A tengu warrior (D:12)
  A fire crab (D:9)
  An unseen horror (D:12)
  A harpy (D:11)
  A deep elf mage (D:12)
  A manticore (D:12)
  Maurice (D:8)
  An ugly thing (D:11)
  A cyclops (D:12)
  Psyche (D:8)
  A kobold demonologist (D:10)
  Maggie (D:7)
  A komodo dragon (D:8)
  A tengu conjurer (D:13)
  Grinder (D:5)
  Prince Ribbit (D:8)
  5 trolls
  2 wraiths
  2 wyverns
  5 yaks
  2 vampire mosquitoes (D:12)
  Menkaure (D:5)
  An acid dragon (D:12)
  A water moccasin (D:9)
  4 ice beasts
  6 orc warriors
  5 sky beasts
  A tengu (D:10)
  5 ogres
  2 black bears
  13 centaurs
  A necrophage (D:12)
  22 big kobolds
  7 bullfrogs
  A wyvern zombie (D:6)
  2 gnoll sergeants
  2 scorpions
  4 killer bees (D:8)
  6 wights
  6 howler monkeys
  3 centaur zombies
  A quasit (D:10)
  A bullfrog zombie (D:11)
  6 jellies
  4 orc priests
  4 hounds
  17 orc wizards
  Crazy Yiuf (D:2)
  Jessica (D:2)
  5 iguanas
  8 worker ants
  A hound zombie (D:7)
  4 hound skeletons
  2 worker ant zombies (D:7)
  8 gnolls
  A howler monkey skeleton (D:7)
  7 adders
  5 shadow imps
  2 white imps
  An ufetubus (D:8)
  An ooze (D:2)
  2 adder zombies
  An adder skeleton (D:6)
  3 worms
  A dart slug (D:1)
  7 leopard geckos
  43 orcs
  2 giant cockroaches
  5 goblins
  4 hobgoblins
  9 jackals
  2 quokkas
  3 bats
  9 frilled lizards
  17 kobolds
  A leopard gecko skeleton (D:6)
  5 rats
323 creatures vanquished.

Vanquished Creatures (collateral kills)
  Erica (D:8)
  An orc warrior (D:10)
  A centaur (D:11)
  A jelly (D:8)
  An orc wizard (D:10)
  2 orcs (D:10)
7 creatures vanquished.

Vanquished Creatures (others)
  A sky beast (D:10)
  A bullfrog skeleton (D:11)
  40 plants
42 creatures vanquished.

Grand Total: 372 creatures vanquished

Notes
Turn   | Place    | Note
-------+----------+-------------------------------------------
     0 | D:1      | Exporg the Minotaur Chaos Knight began the quest for the
                  | Orb.
     0 | D:1      | Reached XP level 1. HP: 19/19 MP: 0/0
   203 | D:1      | Reached XP level 2. HP: 23/27 MP: 1/1
   261 | D:1      | XOM: noise
   359 | D:1      | XOM: noise
   436 | D:1      | XOM: divination: detect creatures
   564 | D:2      | XOM: divination: detect creatures
   904 | D:2      | XOM: silly message
   968 | D:2      | XOM: cloud trail
   983 | D:2      | Noticed Jessica
   985 | D:2      | XOM: potion effect (might)
   986 | D:2      | XOM: divination: detect creatures
   989 | D:2      | XOM: noise
   989 | D:2      | Killed Jessica
   990 | D:2      | Reached XP level 3. HP: 32/34 MP: 2/2
  1056 | D:2      | Found a runed translucent door.
  1057 | D:2      | Noticed Crazy Yiuf
  1096 | D:2      | XOM: 2-stop teleportation journey
  1360 | D:2      | Reached XP level 4. HP: 26/41 MP: 3/3
  1639 | D:2      | Killed Crazy Yiuf
  1984 | D:3      | Found a runed translucent gate.
  1984 | D:3      | Found a runed translucent gate.
  1984 | D:3      | Found a runed translucent gate.
  1985 | D:3      | Noticed Elsvaer's ghost (amateur DECj)
  2023 | D:3      | Found an ancient bone altar of Kikubaaqudgha.
  2049 | D:3      | Found a snail-covered altar of Cheibriados.
  2059 | D:3      | Reached skill level 5 in Axes
  2252 | D:3      | XOM is BORED!
  2660 | D:3      | Found an ornate altar of the Wu Jian Council.
  2667 | D:3      | Noticed a spectral centipede
  2667 | D:3      | Noticed a spectral black mamba
  2667 | D:3      | Noticed a spectral cane toad
  2790 | D:4      | Found a blossoming altar of Fedhas.
  2794 | D:4      | Reached skill level 1 in Staves
  2794 | D:4      | Reached XP level 5. HP: 47/47 MP: 4/4
  2928 | D:4      | Reached skill level 5 in Fighting
  3252 | D:4      | Found a hide-covered altar of Uskayaw.
  3273 | D:4      | Found Wolirph's Jewellery Shoppe.
  3319 | D:4      | Reached skill level 2 in Staves
  3320 | D:4      | Reached XP level 6. HP: 31/56 MP: 5/5
  3323 | D:4      | XOM: divination: detect items
  3718 | D:4      | Found a sparkling altar of Nemelex Xobeh.
  3731 | D:5      | Entered Level 5 of the Dungeon
  3791 | D:5      | Reached skill level 3 in Staves
  3994 | D:5      | XOM: swap monsters
  4006 | D:5      | Reached skill level 1 in Stealth
  4056 | D:5      | XOM: scenery: 1 doors open
  4296 | D:5      | Found a radiant altar of Vehumet.
  4384 | D:5      | Noticed a sky beast
  4398 | D:5      | Killed a sky beast
  4399 | D:5      | Reached skill level 4 in Staves
  4399 | D:5      | Reached XP level 7. HP: 55/61 MP: 6/6
  4468 | D:5      | Found a stormy altar of Qazlal.
  4470 | D:5      | Noticed Grinder
  4470 | D:5      | XOM: divination: detect items
  4473 | D:5      | Paralysed by Grinder for 7 turns
  4474 | D:5      | XOM: cleaving
  4484 | D:5      | Paralysed by Grinder for 3 turns
  4490 | D:5      | XOM: cleaving
  4491 | D:5      | XOM: fog
  4502 | D:5      | XOM: cast spell 'Summon Small Mammal'
  4511 | D:5      | Paralysed by Grinder for 3 turns
  4533 | D:5      | Killed Grinder
  4534 | D:5      | Reached skill level 5 in Staves
  4585 | D:5      | Reached skill level 5 in Armour
  4604 | D:5      | Noticed Menkaure
  4606 | D:5      | XOM: torment (36/62 hp)
  4611 | D:5      | Killed Menkaure
  4612 | D:5      | Reached skill level 6 in Staves
  4618 | D:5      | XOM: give mutations
  4618 | D:5      | Gained mutation: Your mind is acute. (Int +2) [Xom's grace]
  4618 | D:5      | Gained mutation: You evolve. [Xom's grace]
  4618 | D:5      | Gained mutation: You passively map a small area around you.
                  | [Xom's grace]
  4929 | D:5      | XOM: divination: detect creatures
  4936 | D:5      | Reached XP level 8. HP: 39/70 MP: 7/7
  5026 | D:5      | XOM: god gift: wand of digging (6)
  5148 | D:5      | XOM: scenery: 1 doors close
  5310 | D:5      | XOM: give mutation
  5310 | D:5      | Gained mutation: Your muscles are strong. (Str +2) [Xom's
                  | grace]
  5415 | D:6      | XOM: god gift: 29 gold pieces
  5533 | D:6      | Reached skill level 7 in Staves
  5540 | D:6      | Reached skill level 1 in Evocations
  5633 | D:6      | Gained mutation: You have an increased reservoir of magic.
                  | (+10% MP) [evolution]
  5757 | D:6      | Found a staircase to the Ecumenical Temple.
  5957 | D:6      | XOM: god gift: potion of curing
  5988 | D:6      | XOM: scenery: summon butterflies
  5991 | D:6      | Reached skill level 8 in Staves
  6090 | D:6      | XOM: cloud trail
  6359 | D:7      | Noticed Maggie
  6368 | D:7      | XOM: smoke on damage
  6372 | D:7      | Killed Maggie
  6373 | D:7      | Reached XP level 9. HP: 63/79 MP: 8/8
  6379 | D:7      | XOM: 1-stop teleportation journey
  6380 | D:7      | XOM: blink monster(s)
  6392 | D:7      | Reached skill level 9 in Staves
  6428 | D:7      | XOM: 4-stop teleportation journey
  6429 | D:7      | Noticed Joseph
  6432 | D:7      | Noticed Joseph
  6432 | D:7      | Joseph changed into Joseph the ice beast
  6432 | D:7      | XOM: polymorph Joseph -> Joseph the ice beast
  6434 | D:7      | Killed Joseph the ice beast
  6729 | D:7      | Found a shadowy altar of Dithmenos.
  7120 | D:7      | XOM: stat loss: -1 Dex (10/11)
  7166 | D:7      | Found Pocliyps's General Store.
  7169 | D:7      | Bought a +0 pair of gloves for 54 gold pieces
  7351 | D:8      | XOM: summons 1 hostile shadow creature
  7360 | D:8      | XOM: 1-stop teleportation journey
  7497 | D:8      | Noticed a two-headed ogre
  7582 | D:8      | XOM: potion effect (brilliance)
  7585 | D:8      | Killed a two-headed ogre
  7586 | D:8      | Reached skill level 10 in Staves
  7773 | D:8      | Gained mutation: Your movements are slightly less
                  | encumbered by armour. (ER -2) [evolution]
  7834 | D:8      | Noticed Psyche
  7841 | D:8      | Killed Psyche
  7862 | D:8      | Reached skill level 11 in Staves
  7931 | D:8      | XOM: divination: magic mapping
  7941 | D:8      | Noticed Maurice
  7949 | D:8      | Noticed Erica
  7951 | D:8      | Paralysed by something for 6 turns
  7955 | D:8      | XOM: enchant monster (good)
  7957 | D:8      | XOM: noise
  7963 | D:8      | Killed Maurice
  7964 | D:8      | Reached XP level 10. HP: 75/88 MP: 10/10
  7996 | D:8      | XOM: cast spell 'Summon Mana Viper'
  7999 | D:8      | Killed Erica
  8189 | D:8      | Noticed Harold
  8201 | D:8      | XOM: potion effect (brilliance)
  8204 | D:8      | Killed Harold
  8205 | D:8      | Reached skill level 12 in Staves
  8380 | D:8      | XOM: god gift: potion of curing
  8542 | D:8      | Found a staircase to the Lair.
  8562 | D:8      | Noticed Prince Ribbit
  8563 | D:8      | XOM: noise
  8567 | D:8      | Killed Prince Ribbit
  8630 | D:8      | Found a white marble altar of Elyvilon.
  8704 | D:8      | XOM: 1-stop teleportation journey
  8865 | D:9      | XOM: 2-stop teleportation journey
  8947 | D:9      | XOM: smoke on damage
  8991 | D:9      | XOM: god gift: 39 gold pieces
  8992 | D:9      | XOM: cast spell 'Leda's Liquefaction'
  9098 | D:9      | XOM: noise
  9329 | D:9      | Noticed a fire crab
  9329 | D:9      | a yak changed into a fire crab
  9334 | D:9      | XOM: smoke on damage
  9336 | D:9      | Killed a fire crab
  9337 | D:9      | Reached skill level 13 in Staves
  9337 | D:9      | Reached XP level 11. HP: 31/97 MP: 11/11
  9474 | D:9      | XOM: silly message
  9550 | D:9      | XOM: scenery: summon butterflies
  9636 | D:9      | XOM: confuse monster(s)
  9681 | D:9      | XOM: noise
  9902 | D:10     | Entered Level 10 of the Dungeon
  9934 | D:10     | XOM: 1-stop teleportation journey
 10020 | D:10     | XOM: confuse monster(s)
 10043 | D:10     | XOM: divination: magic mapping
 10107 | D:10     | XOM: polymorph bullfrog -> tengu
 10251 | D:10     | XOM: god gift: robe {god gift}
 10398 | D:10     | Reached skill level 14 in Staves
 10641 | D:10     | XOM: confuse monster(s)
 10686 | D:10     | Gained mutation: You have a pair of large horns on your
                  | head. [evolution]
 10796 | D:10     | Reached skill level 10 in Fighting
 10967 | D:11     | XOM: confuse monster(s)
 10984 | D:11     | Noticed a two-headed ogre
 10991 | D:11     | Killed a two-headed ogre
 11009 | D:11     | XOM: god gift: 2 silver javelins
 11227 | D:11     | XOM: 2-stop teleportation journey
 11252 | D:11     | XOM: summons friendly iron imp
 11253 | D:11     | Reached skill level 5 in Stealth
 11492 | D:11     | XOM: stat loss: -1 Dex (10/11)
 11513 | D:11     | XOM: give mutations
 11513 | D:11     | Lost mutation: You evolve. [Xom's mischief]
 11513 | D:11     | Gained mutation: You evolve. [Xom's mischief]
 11577 | D:11     | XOM: summons 6 hostile demons
 11617 | D:10     | XOM: stat loss: -1 Str (20/21)
 11971 | D:11     | Noticed a harpy
 11971 | D:11     | a sky beast changed into a harpy
 11977 | D:11     | Killed a harpy
 11984 | D:11     | XOM: silly message
 12002 | D:11     | XOM: chaos upgrade
 12003 | D:11     | XOM: blink monster(s)
 12161 | D:11     | Noticed a red ugly thing
 12163 | D:11     | XOM: chaos cloud
 12171 | D:11     | Killed a red ugly thing
 12576 | D:12     | XOM: confusion
 12596 | D:12     | Reached XP level 12. HP: 83/110 MP: 12/12
 12637 | D:12     | Reached skill level 10 in Armour
 12681 | D:12     | Gained mutation: Your spells are a little harder to cast,
                  | but a little more powerful. [evolution]
 12686 | D:12     | XOM: give mutations
 12686 | D:12     | Lost mutation: You have an increased reservoir of magic.
                  | (+10% MP) [Xom's mischief]
 12686 | D:12     | Gained mutation: You are clumsy. (Dex -2) [Xom's mischief]
 12719 | D:12     | XOM: give mutations
 12719 | D:12     | Lost mutation: You evolve. [Xom's mischief]
 12719 | D:12     | Lost mutation: Your mind is acute. (Int +2) [Xom's
                  | mischief]
 12719 | D:12     | Lost mutation: Your spells are a little harder to cast, but
                  | a little more powerful. [Xom's mischief]
 12719 | D:12     | Gained mutation: You occasionally shout uncontrollably at
                  | your foes. [Xom's mischief]
 12726 | D:12     | Found a staircase to the Orcish Mines.
 12826 | D:12     | XOM: enchant monster (bad)
 12860 | D:12     | Noticed a tengu warrior
 12864 | D:12     | XOM: confusion (+ monsters)
 12871 | D:12     | XOM: smoke on damage
 12875 | D:12     | XOM: confusion (+ monsters)
 12877 | D:12     | XOM: swap monsters
 12895 | D:12     | Killed a tengu warrior
 13098 | D:12     | XOM: 7-stop teleportation journey
 13181 | D:12     | Reached skill level 15 in Staves
 13200 | D:12     | XOM: silly message
 13255 | D:12     | Noticed a boulder beetle
 13270 | D:12     | Killed a boulder beetle
 13489 | D:12     | Found a corrupted altar of Lugonu.
 13620 | D:13     | XOM: god gift: 11 stones
 13634 | D:13     | Noticed a tengu warrior
 13661 | D:13     | XOM: polymorph something unseen -> shining eye
 13678 | D:13     | XOM: divination: detect creatures
 13681 | D:12     | Slain by a red ugly thing

Illustrated notes

Levels and vault maps discovered:
D:1:      lightli_arrival_statue_moat, layout_rooms
D:2:      minmay_inner_zag, layout_basic, guppyfry_early_lair_pool,
          uniq_crazy_yiuf_cottage, uniq_jessica
D:3:      layout_basic, lemuel_crystal_altar, lemuel_round_altar,
          pdpol_wu_jian_five_deadly_venoms, gammafunk_ghost_split
D:4:      layout_loops_ring, general_overflow_altar, kennysheep_mini,
          serial_shops, shop, grunt_ministairs_11, fedhas_altar_2
D:5:      layout_gridville, vehumet_statue, nicolae_overflow_hidden_temple,
          uniq_menkaure, uniq_grinder
D:6:      layout_basic, minmay_temple_entry_arrows
D:7:      layout_gridville, nicolae_dithmenos_shadow_blocks, serial_shops,
          kennysheep_mini_moat, minmay_misc_feat_ornament,
          corexii_leaking_fountain, uniq_maggie, uniq_joseph
D:8:      layout_loops_ring, lemuel_coloured_pillars_altar, david_lair_shrubbed,
          chequers_hall_statues_y, grunt_ministairs_1, uniq_psyche, uniq_erica,
          uniq_harold, uniq_maurice, uniq_prince_ribbit1
D:9:      layout_basic
D:10:     layout_roguey [special_room_kobold], kennysheep_dice
D:11:     layout_loops_ring
D:12:     layout_loops_ring, orc_0_dummy, minmay_misc_feat_square,
          tgw_lugonu_bribe
D:13:     minmay_the_grid_octo_tiled_octocenter_mashed
          [minmay_the_grid_octo_fan_narrow, minmay_the_grid_octo_77,
          minmay_the_grid_octo_shrine, minmay_the_grid_octo_tetromino_candy,
          minmay_the_grid_octo_prize_single_spiral,
          minmay_the_grid_square_5x5_misaligned,
          minmay_the_grid_square_5x5_doubleslash,
          minmay_the_grid_square_5x5_two,
          minmay_the_grid_square_5x5_three_walls], layout_layer_cave,
          serial_shops, shop, nicolae_water_bricks, uniq_azrael

Skill      XL: |  1  2  3  4  5  6  7  8  9 10 11 12 |
---------------+-------------------------------------+-----
Fighting       | 4 5 6 7 8 9 11 | 11.6
Axes           | 4 5 |  5.6
Armour         | 3 4 5 6 7 9 10 | 10.7
Staves         | 1 2 4 6 8 11 13 14 15 | 15.1
Dodging        | 2 3 4 |  4.7
Stealth        | 1 2 3 4 5 |  5.8
Evocations     | 1 2 |  2.7

Action                   |  1- 3 |  4- 6 |  7- 9 | 10-12 || total
-------------------------+-------+-------+-------+-------++-------
Melee: Hand axe          |    46 |     8 |       |       ||    54
       Headbutt          |     7 |    15 |    37 |   115 ||   174
       Quarterstaff      |       |    83 |   186 |   617 ||   886
Evoke: Wand              |       |       |    12 |       ||    12
  Use: Potion            |       |     1 |       |       ||     1
       Scroll            |       |       |       |     7 ||     7
 Stab: Confused          |       |       |     1 |     5 ||     6
       Sleeping          |       |       |     1 |       ||     1
       Paralysed         |       |       |     3 |     5 ||     8
       Petrifying        |       |       |       |     2 ||     2
       Petrified         |       |       |       |     5 ||     5
Armor: Leather armour    |    14 |    21 |    37 |       ||    72
       Skin              |       |       |     4 |       ||     4
       Crystal plate arm |       |       |    51 |   436 ||   487
Dodge: Dodged            |    35 |    56 |    71 |   139 ||   301
